 Seeded DCSS version 0.31-a0-208-gdb31a4691d (webtiles) character file.

Game seed: 11368340539538574604 (custom seed)

46 innerfire43 the Ducker (level 3, -5/29 HPs)
             Began as a Demonspawn Monk on June 28, 2023.
             Slain by a gnoll
             ... wielding a +0 club
              (6 damage)
             ... on level 2 of the Dungeon.
             The game lasted 00:00:51 (1039 turns).

innerfire43 the Ducker (Demonspawn Monk)            Turns: 1039, Time: 00:00:51

Health: -5/29      AC:  3    Str: 13    XL:     3   Next: 44%
Magic:  3/3        EV: 13    Int: 11    God:
Gold:   74         SH:  0    Dex: 15    Spells: 2/2 levels left

rFire   . . .        a - +0 mace
rCold   . . .        d - orb {light}
rNeg    . . .        b - +0 robe
rPois   .            (no helmet)
rElec   .            (no cloak)
rCorr   .            h - +0 pair of gloves
SInv    .            (no boots)
Will    .....        (no amulet)
Stlth   +            (no ring)
HPRegen 0.24/turn    (no ring)
MPRegen 0.08/turn

%: no passive effects
@: glowing
A: hooves 1
a: no special abilities


You were on level 2 of the Dungeon.
You visited 1 branch of the dungeon, and saw 2 of its levels.

You collected 74 gold pieces.

Inventory:

Hand Weapons
 a - a +0 mace (weapon)
Armour
 b - a +0 robe (worn)
 d - an orb of light (worn)
 h - a +0 pair of gloves (worn)
Scrolls
 e - a scroll of fog {unknown}
 i - a scroll of torment {unknown}
 j - a scroll of identify {unknown}
 k - a scroll of teleportation {unknown}
Potions
 f - a potion of enlightenment {unknown}
 g - a potion of heal wounds {unknown}


   Skills:
 - Level 3.0 Fighting
 - Level 2.6 Maces & Flails
 * Level 4.1 Dodging


You had 2 spell levels left.
You didn't know any spells.
Your spell library was empty.

Dungeon Overview and Level Annotations

Branches:
Dungeon (2/15)

Altars:

Shops:
D:1 ?


Innate Abilities, Weirdness & Mutations

You have large cloven feet.


Message History

The gnoll misses you. The gnoll hits you with a +0 club.
You hit the gnoll.
The gnoll is almost dead.
The gnoll hits you with a +0 club.
The gnoll hits you from afar with a +0 spear!
The gnoll hits you with a +0 club.
A rat comes into view.
The gnoll closely misses you. x2; The gnoll barely misses you.
You are too injured to fight recklessly!
Unknown command.
You are confused.
You feel invigorated.
The gnoll hits you from afar with a +0 spear.
The gnoll hits you with a +0 club.
* * * LOW HITPOINT WARNING * * *
The goblin closely misses you. The gnoll hits you with a +0 club.
* * * LOW HITPOINT WARNING * * *
You hit the gnoll.
You kill the gnoll!
The gnoll misses you. The gnoll barely misses you.
The goblin hits you with a +0 club.
* * * LOW HITPOINT WARNING * * *
The gnoll barely misses you. The gnoll hits you with a +0 club.
* * * LOW HITPOINT WARNING * * *
The goblin misses you.
Things that are here:
a +0 club; 2 throwing nets; a gnoll corpse You bump into the rock wall.
You feel less invigorated.
You feel less confused. The gnoll hits you with a +0 spear.
* * * LOW HITPOINT WARNING * * *
The goblin completely misses you. The gnoll hits you with a +0 club.
* * * LOW HITPOINT WARNING * * *
Unknown command.
You barely miss the gnoll. You kick the gnoll.
The gnoll is lightly wounded.
The goblin misses you. The gnoll hits you with a +0 spear.
* * * LOW HITPOINT WARNING * * *
The gnoll hits you with a +0 club.
You die...

#.### #.#.# ## #.#.#
###### ... #.#..
...... #..
#.#.##############
#..
#.#.#.)...........
#..#g#.#.############
#rg@..#.# #
###g#.#.## # #.#....#
# #.#.##.## #
#.#.....####### #
###+####........# #
................#
................# #.
................# #.


You could see 2 gnolls, a goblin and a rat.

Vanquished Creatures
  2 gnolls
  A dart slug (D:1)
  3 ball pythons
  2 endoplasms (D:1)
  A giant cockroach (D:2)
  A goblin (D:2)
  5 hobgoblins
  A bat (D:1)
  A frilled lizard (D:1)
  6 kobolds (D:1)
  A rat (D:1)
24 creatures vanquished.

Notes
Turn   | Place    | Note
-------+----------+-------------------------------------------
     0 | D:1      | innerfire43 the Demonspawn Monk began the quest for the
                  | Orb.
     0 | D:1      | Reached XP level 1. HP: 18/18 MP: 1/1
   112 | D:1      | Reached skill level 3 in Dodging
   155 | D:1      | Found Voneorhazarph's Magic Scroll Emporium.
   236 | D:1      | Gained mutation: You have large cloven feet. [demonic
                  | ancestry]
   236 | D:1      | Reached XP level 2. HP: 19/24 MP: 2/2
   525 | D:1      | Reached XP level 3. HP: 29/29 MP: 3/3
  1024 | D:2      | Reached skill level 4 in Dodging
  1039 | D:2      | HP: 1/29 [gnoll/+0 spear (2)]
  1039 | D:2      | Slain by a gnoll

Illustrated notes

Levels and vault maps discovered:
D:1:      saegor_arrival_simple_a, layout_basic, serial_shops, shop
D:2:      layout_basic, shapermc_ecumenical_altar_mp_vishouse

Skill      XL: |  1  2  3 |
---------------+----------+-----
Dodging        | 3 4 |  4.1
Fighting       | |  3.0
Maces & Flails | |  2.6

Action                     || total
---------------------------++-------
  Melee: Mace              ||    64
         Kick              ||    10
    Use: Potion            ||     1
 Armour: Robe              ||     5
  Dodge: Dodged            ||    62

Table legend: (Time is in decaauts)
 A = Elapsed time spent in this place.
 B = Non-inter-level travel time spent in this place.
 C = Inter-level travel time spent in this place.
 D = Time resting spent in this place.
 E = Time spent auto-exploring this place.
 F = Levels seen in this place.
 G = Mean time per level.
                   A        B        C        D        E       F      G
               +--------+--------+--------+--------+--------+-----+--------+
         Total |   1055 |   1022 |     33 |      0 |    854 |   2 |  527.5 |
       Dungeon |   1055 |   1022 |     33 |      0 |    854 |   2 |  527.5 |
               +--------+--------+--------+--------+--------+-----+--------+

Top non-repeatable levels by time:
     D:1: 887 daAuts
     D:2: 168 daAuts
